AoeStats
← [Massa] Edo

Arena

503929866Analyzed
2v2 RM · 29d ago on Sep 3, 2026· 80m 45s· 4 players
Game mode
Random Map
Map size
Medium (4 player)
Population
200
Speed
Normal
Resources
Standard
Victory
Conquest
Starting age
Dark Age
Ending age
Imperial Age
RankedLock teamsTeams togetherTeam positionsShared explorationLock speedFull tech treeHidden civsTurbo modeCheats
Victory
Defeat
🇧🇷 Goths · Brazil
1394
+15
🇧🇷 Georgians · Brazil
1377
+17
🇨🇴 Turks · Colombia
1378
-16
🇨🇴 Teutons · Colombia
1377
-16
ACI Calvohp
9:34 Feudal Age
13:40 Castle Age
12:11 Double-Bit Axe
18:32 Horse Collar
24:50 Wheelbarrow
26:16 Bow Saw
27:33 Hand Cart
31:44 Imperial Age
30:04 Loom
30:20 Gold Mining
32:23 Ironclad
35:00 Man-at-Arms
35:25 Gambesons
35:54 Long Swordsman
36:51 Two-Handed Swordsman
38:43 Chemistry
37:49 Champion
40:37 Scale Mail Armor
41:39 Chain Mail Armor
42:26 Squires
44:58 Plate Mail Armor
52:52 Forging
56:51 Heavy Plow
57:57 Iron Casting
57:40 Arson
59:27 Two-Man Saw
58:58 Crop Rotation
61:26 Blast Furnace
61:39 Siege Engineers
62:41 Conscription
67:45 Fletching
68:28 Town Watch
73:47 Padded Archer Armor
74:21 Masonry
77:28 Leather Archer Armor
78:36 Guilds
79:16 Pikeman
ACI jyarar
10:15 Feudal Age
14:12 Castle Age
13:08 Double-Bit Axe
13:17 Horse Collar
16:16 Fervor
18:46 Loom
24:21 Heavy Plow
25:25 Bow Saw
27:14 Town Watch
28:34 Town Patrol
30:07 Wheelbarrow
31:26 Hand Cart
33:44 Imperial Age
34:53 Conscription
33:55 Elite Janissary
34:55 Stone Mining
34:56 Gold Mining
38:25 Padded Archer Armor
43:33 Fletching
45:45 Gold Shaft Mining
47:02 Scale Barding Armor
48:06 Chain Barding Armor
47:57 Husbandry
48:08 Bloodlines
48:32 Bodkin Arrow
48:48 Forging
50:05 Plate Barding Armor
49:33 Bracer
51:09 Iron Casting
51:06 Heavy Camel Rider
53:42 Blast Furnace
72:53 Coinage
[Massa] Edo
1:27 Loom
9:10 Feudal Age
9:42 Man-at-Arms
10:43 Double-Bit Axe
11:48 Horse Collar
16:03 Fletching
19:05 Scale Mail Armor
19:15 Forging
20:30 Wheelbarrow
23:39 Castle Age
22:21 Forging
25:06 Bodkin Arrow
28:51 Imperial Age
27:25 Bow Saw
27:18 Gold Mining
28:29 Heavy Plow
29:36 Iron Casting
30:56 Two-Man Saw
30:52 Squires
36:46 Chain Mail Armor
37:34 Ballistics
40:30 Conscription
42:22 Blast Furnace
43:08 Hand Cart
42:58 Murder Holes
43:52 Bracer
46:28 Heavy Scorpion
49:08 Anarchy
50:16 Perfusion
51:39 Chemistry
52:02 Scale Barding Armor
54:06 Chain Barding Armor
53:56 Light Cavalry
54:46 Bloodlines
54:37 Husbandry
55:08 Hussar
55:43 Pikeman
57:05 Halberdier
69:52 Crop Rotation
69:13 Stone Mining
70:58 Padded Archer Armor
78:21 Caravan
77:47 Elite Skirmisher
78:44 Leather Archer Armor
tg
11:09 Feudal Age
12:06 Horse Collar
14:52 Castle Age
13:07 Double-Bit Axe
15:46 Bow Saw
15:56 Scale Barding Armor
19:20 Wheelbarrow
19:09 Chain Barding Armor
20:05 Husbandry
23:46 Wheelbarrow
23:48 Heavy Plow
23:39 Gold Mining
26:53 Hand Cart
26:24 Town Watch
31:26 Imperial Age
29:14 Stone Mining
30:00 Coinage
31:32 Forging
31:55 Bloodlines
31:29 Cavalier
32:45 Plate Barding Armor
33:31 Iron Casting
34:26 Aznauri Cavalry
34:56 Conscription
35:04 Loom
36:07 Masonry
36:50 Light Cavalry
40:41 Padded Archer Armor
40:31 Fletching
41:48 Bodkin Arrow
42:08 Leather Archer Armor
42:16 Ballistics
41:49 Elite Skirmisher
47:42 Bracer
47:35 Capped Ram
49:48 Chemistry
48:30 Treadmill Crane
50:02 Hussar
52:10 Crop Rotation
51:45 Siege Ram
53:35 Town Patrol
55:05 Pikeman
55:45 Squires
55:46 Scale Mail Armor
57:06 Blast Furnace
56:55 Chain Mail Armor
56:56 Halberdier
60:30 Architecture
60:05 Siege Engineers
60:32 Plate Mail Armor
62:22 Guilds
65:46 Svan Towers
66:16 Hoardings
66:31 Banking
71:16 Guard Tower
75:22 Keep
74:34 Arrowslits
78:52 Murder Holes
Connection lost

Rejoining the realm…

Still unreachable

The connection could not be restored.

Session expired

The server has moved on; the page needs a fresh start.